 Dungeon Crawl Stone Soup version 0.25.1-8-g42b30a86e7 (webtiles) character file.

Game seed: 15201007444684460616

54 KyoPewz the Slasher (level 3, -3/29 HPs)
             Began as a Barachi Fighter on Dec 6, 2020.
             Slain by Natasha (7 damage)
             ... on level 2 of the Dungeon.
             The game lasted 00:05:02 (1537 turns).

KyoPewz the Slasher (Barachi Fighter)               Turns: 1537, Time: 00:05:02

Health: -3/29      AC:  7    Str: 18    XL:     3   Next: 91%
Magic:  3/3        EV:  7    Int:  8    God:
Gold:   57         SH:  9    Dex: 11    Spells: 2/2 levels left

rFire    + . .     SeeInvis .   a - +0 long sword
rCold    + . .     Gourm    .   c - +0 kite shield
rNeg     . . .     Faith    .   b - +0 scale mail
rPois    .         Spirit   .   (no helmet)
rElec    .         Reflect  .   g - scarf {rC+ rF+}
rCorr    .         Harm     .   (no gloves)
MR       .....                  (no boots)
Stlth    ..........             (no amulet)
HPRegen  0.09/turn              (no ring)
MPRegen  0.08/turn              (no ring)

@: mighty, can't hop, slowed, very slow
A: +LOS, swims, slowness 1, strong legs 1
a: Hop


You were on level 2 of the Dungeon.
You were hungry.

You visited 1 branch of the dungeon, and saw 2 of its levels.

You collected 57 gold pieces.

Inventory:

Hand Weapons
 a - a +0 long sword (weapon)
 j - a +2 short sword of venom
   (You found it on level 1 of the Dungeon)
Missiles
 n - 6 atropa-tipped darts (quivered)
Armour
 b - a +0 scale mail (worn)
 c - a +0 kite shield (worn)
 g - a scarf of resistance (worn)
   (You found it on level 1 of the Dungeon)
Wands
 t - a wand of flame (19)
   (You found it on level 2 of the Dungeon)
Scrolls
 h - a scroll of teleportation {unknown}
 k - 2 scrolls of remove curse {unknown}
 m - a scroll of identify {unknown}
 o - a scroll of magic mapping {unknown}
 p - a scroll of fear {unknown}
Potions
 f - a potion of flight {unknown}
 i - 2 potions of mutation {unknown}
 l - a potion of degeneration {unknown}
Comestibles
 e - 3 rations {!d}


   Skills:
 - Level 3.6 Fighting
 * Level 4.1 Long Blades
 - Level 4.0 Armour
 + Level 3.9 Shields


You had 2 spell levels left.
You didn't know any spells.
Your spell library was empty.

Dungeon Overview and Level Annotations

Branches:
Dungeon (2/15)

Altars:
Ashenzari
Ru

Annotations:
D:2 Natasha


Innate Abilities, Weirdness & Mutations

You can be seen from farther away. (+LOS)
You can swim through water.
You cover ground slowly.
You can hop short distances.


Message History

Natasha howls an incantation.
Natasha's front paws start to glow.
Natasha casts a spell.
You closely miss the shadow imp. The shadow imp gestures at you.
You barely resist. You hit the shadow imp. The shadow imp gestures at you.
Pain shoots through your body! The shadow imp gestures at you.
Pain shoots through your body!
* * * LOW HITPOINT WARNING * * *
You see here 19 stones.
The shadow imp laughs crazily.
The shadow imp hits you but does no damage.
Natasha casts a spell.
The shadow imp spits at you.
Hop to where?
Boing!
Natasha mumbles some strange words.
You see here 9 bolts.
The crimson imp blinks!
The shadow imp disappears in a puff of smoke!
The crimson imp summons a swarm of flies.
Natasha wildly gestures.
Natasha shimmers violently.
Natasha mumbles some strange words.
The crimson imp hits you but does no damage.
You hit the crimson imp.
The crimson imp blinks!
You block the crimson imp's attack. You block the crimson imp's attack.
You hit the crimson imp.
The crimson imp grinds its teeth.
You block the crimson imp's attack.
The crimson imp disappears in a puff of smoke!
The shadow imp shouts, "Return whence thou came, thou pecksniffian rude-growing gonus!"
Natasha casts a spell at you.
You feel yourself slow down.
Natasha extends her claws.
Natasha claws you.
* * * LOW HITPOINT WARNING * * *
You closely miss Natasha.
The crimson imp disappears in a puff of smoke!
Natasha claws you but does no damage. Natasha claws you.
* * * LOW HITPOINT WARNING * * *
Okay, then.
You feel very mighty all of a sudden.
Natasha casts a spell.
You slash Natasha! Natasha claws you!
You die...

...........###.###.# ##.)
##########.........########..#
#.###### ####.###......<....##
#......# #.....#########.
######.# #####.# ## #(#
#####.# #5# #.....# #.#
#.##### #h# #@# #.# #h# #.#
#5# #.#########5#
#....5.5(...# #############


You could see Natasha and 2 shadow imps.

Vanquished Creatures
  An adder (D:2)
  A worm (D:2)
  3 dart slugs
  2 leopard geckos (D:1)
  A giant cockroach (D:1)
  3 goblins (D:1)
  2 hobgoblins
  3 jackals (D:2)
  A ball python (D:1)
  8 bats
  3 frilled lizards (D:1)
  4 kobolds (D:1)
  A rat (D:2)
33 creatures vanquished.

Notes
Turn   | Place    | Note
-------+----------+-------------------------------------------
     0 | D:1      | KyoPewz the Barachi Fighter began the quest for the Orb.
     0 | D:1      | Reached XP level 1. HP: 18/18 MP: 1/1
   253 | D:1      | Reached XP level 2. HP: 23/24 MP: 2/2
   708 | D:1      | Reached XP level 3. HP: 29/29 MP: 3/3
  1363 | D:2      | Found a sacrificial altar of Ru.
  1457 | D:2      | Found a shattered altar of Ashenzari.
  1508 | D:2      | Noticed Natasha
  1537 | D:2      | Slain by Natasha

Illustrated notes

Levels and vault maps discovered:
D:1:      eino_arrival_water_cross, layout_loops_cross, corexii_corridor_pit
D:2:      layout_loops_ring, marbit_many_paths, lemuel_doored_altar,
          first_ration, uniq_natasha

Skill      XL: |  1  2  3 |
---------------+----------+-----
Long Blades    | 3 4 |  4.1
Armour         | 4 |  4.0
Fighting       | |  3.6
Shields        | |  3.9

Action                   || total
-------------------------++-------
Melee: Long sword        ||   137
 Abil: Hop               ||     1
  Use: Potion            ||     1
  Eat: Chunk             ||     2
Armor: Scale mail        ||    55
Dodge: Dodged            ||    38
Block: Kite shield       ||    71
       Rpst.: Long sword ||    16
